AoeStats
← 玩印度的哥们硬不起来

Fortress

509301467Analyzed
4v4 RM · 7d ago on Sep 26, 2026· 40m 1s· 8 players
Game mode
Random Map
Map size
Huge
Population
200
Speed
Normal
Resources
Standard
Victory
Conquest
Starting age
Dark Age
Ending age
Imperial Age
RankedLock teamsTeams togetherTeam positionsShared explorationLock speedFull tech treeHidden civsTurbo modeCheats
Victory
Defeat
1432
+16
🇨🇳 Persians · China
1372
+18
🇨🇳 Mongols · China
1361
+18
🇨🇳 Vietnamese · China
1311
+20
🇺🇸 Mongols · United States
1447
-19
🇺🇦 Spanish · Ukraine
1422
-18
🇺🇸 Danes · United States
1405
-18
🇲🇽 Celts · Mexico
1392
-17
H
6:35 Feudal Age
9:22 Double-Bit Axe
12:15 Castle Age
11:38 Horse Collar
13:05 Bow Saw
22:04 Wheelbarrow
21:21 Gold Mining
23:31 Gold Shaft Mining
26:06 Imperial Age
23:53 Hand Cart
23:24 Loom
23:25 Town Watch
23:38 Stone Mining
24:21 Scale Barding Armor
25:52 Chain Barding Armor
25:45 Bloodlines
25:36 Husbandry
27:43 Two-Man Saw
26:45 Heavy Plow
27:12 Conscription
26:16 Cavalier
27:56 Forging
28:44 Crop Rotation
29:36 Coinage
29:08 Savar
30:43 Plate Barding Armor
32:07 Iron Casting
34:05 Blast Furnace
35:42 Caravan
36:14 Banking
37:27 Stone Shaft Mining
37:22 Capped Ram
38:21 Siege Ram
40:51 Chemistry
玩印度的哥们硬不起来
8:10 Feudal Age
9:35 Double-Bit Axe
12:07 Castle Age
10:09 Horse Collar
11:42 Wheelbarrow
13:17 Bow Saw
14:06 Heavy Plow
14:08 Gold Mining
18:23 Loom
19:19 Stone Mining
23:56 Scale Barding Armor
24:05 Husbandry
27:36 Imperial Age
25:45 Chain Barding Armor
25:48 Forging
27:40 Gold Shaft Mining
27:44 Stone Shaft Mining
28:28 Hand Cart
29:03 Logistica
30:22 Plate Barding Armor
31:01 Iron Casting
32:29 Crop Rotation
33:01 Two-Man Saw
31:55 Elite Cataphract
32:56 Conscription
32:09 Light Cavalry
300P 4V4
7:23 Feudal Age
11:26 Castle Age
9:29 Double-Bit Axe
9:45 Horse Collar
12:00 Wheelbarrow
12:25 Bow Saw
14:27 Heavy Plow
17:51 Stone Mining
18:11 Gold Mining
19:37 Hand Cart
19:09 Loom
21:55 Stone Shaft Mining
25:59 Imperial Age
23:50 Fletching
24:01 Padded Archer Armor
24:06 Scale Barding Armor
25:23 Bodkin Arrow
25:44 Leather Archer Armor
26:30 Chain Barding Armor
26:42 Thumb Ring
26:47 Bracer
27:09 Conscription
28:06 Chemistry
27:59 Bloodlines
27:49 Husbandry
29:14 Ballistics
29:09 Forging
28:51 Elite Mangudai
30:05 Light Cavalry
31:28 Parthian Tactics
32:31 Iron Casting
31:19 Hussar
33:44 Masonry
_OMO_
7:19 Feudal Age
8:33 Loom
11:19 Castle Age
9:35 Double-Bit Axe
10:19 Horse Collar
11:39 Padded Archer Armor
12:12 Bow Saw
18:39 Fletching
19:54 Town Watch
20:51 Wheelbarrow
21:52 Hand Cart
24:45 Town Watch
25:07 Fletching
28:02 Imperial Age
26:35 Gold Mining
26:36 Stone Mining
27:23 Squires
27:24 Scale Mail Armor
27:24 Bodkin Arrow
27:45 Leather Archer Armor
27:52 Ballistics
30:05 Chemistry
30:06 Two-Man Saw
30:10 Thumb Ring
30:07 Bracer
30:38 Ring Archer Armor
30:11 Heavy Plow
31:42 Crop Rotation
32:19 Elite Rattan Archer
33:29 Town Patrol
34:03 Coinage
33:21 Treadmill Crane
33:45 Arson
34:03 Scale Mail Armor
34:14 Forging
33:26 Pikeman
37:06 Stone Shaft Mining
35:53 Halberdier
36:49 Chain Mail Armor
37:10 Iron Casting
37:04 Paper Money
37:50 Guilds
38:11 Banking
37:42 Caravan
38:18 Plate Mail Armor
37:10 Elite Fire Lancer
37:12 Man-at-Arms
37:19 Elite Skirmisher
38:14 Scale Barding Armor
38:18 Siege Engineers
38:11 Murder Holes
38:26 Fortified Wall
38:07 Guard Tower
virttuallG
7:49 Feudal Age
11:30 Castle Age
9:14 Horse Collar
9:21 Double-Bit Axe
9:35 Gold Mining
12:49 Bow Saw
20:41 Wheelbarrow
19:53 Loom
21:45 Gold Shaft Mining
24:35 Imperial Age
22:24 Hand Cart
24:43 Onager
27:21 Northmen's Fury
27:47 Siege Onager
32:58 Siege Engineers
33:54 Chemistry
Darth Yoda
7:35 Feudal Age
11:21 Castle Age
9:20 Double-Bit Axe
9:43 Horse Collar
12:26 Bow Saw
14:02 Heavy Plow
16:34 Wheelbarrow
17:01 Loom
18:08 Hand Cart
19:18 Gold Mining
19:37 Stone Mining
21:05 Gold Shaft Mining
25:55 Imperial Age
23:35 Fletching
24:24 Ballistics
24:37 Thumb Ring
24:29 Bodkin Arrow
26:06 Padded Archer Armor
26:42 Bracer
27:45 Chemistry
27:16 Conscription
26:54 Elite Mangudai
28:34 Leather Archer Armor
28:33 Masonry
30:46 Bloodlines
30:37 Husbandry
oldnoob2024
7:48 Feudal Age
7:19 Loom
8:30 Double-Bit Axe
8:26 Horse Collar
11:28 Castle Age
9:51 Town Watch
10:28 Gold Mining
12:30 Bow Saw
18:41 Wheelbarrow
21:04 Heavy Plow
21:56 Hand Cart
22:29 Ballistics
25:19 Imperial Age
23:50 Gold Shaft Mining
23:06 Stone Mining
23:43 Fletching
24:06 Forging
23:37 Pikeman
24:21 Scale Mail Armor
26:14 Stone Shaft Mining
26:34 Conscription
26:57 Guilds
27:08 Stronghold
26:45 Capped Ram
29:23 Chemistry
28:20 Murder Holes
29:09 Bodkin Arrow
29:30 Chain Mail Armor
30:39 Furor Celtica
31:00 Masonry
32:21 Iron Casting
32:17 Plate Mail Armor
34:53 Blast Furnace
34:14 Heavy Scorpion
Skyle
3:36 Loom
7:09 Feudal Age
11:35 Castle Age
9:33 Horse Collar
10:41 Double-Bit Axe
14:21 Bow Saw
14:17 Heavy Plow
15:07 Bow Saw
18:29 Wheelbarrow
19:57 Hand Cart
19:29 Town Watch
20:02 Gold Mining
22:40 Town Patrol
23:06 Padded Archer Armor
23:17 Forging
23:55 Stone Mining
24:51 Bloodlines
24:42 Husbandry
24:59 Leather Archer Armor
24:50 Pikeman
25:30 Squires
26:41 Stone Shaft Mining
30:09 Imperial Age
27:53 Elite Skirmisher
28:39 Thumb Ring
30:20 Elite Conquistador
31:22 Conscription
31:33 Ring Archer Armor
31:39 Iron Casting
31:10 Scale Barding Armor
30:28 Halberdier
32:30 Scale Mail Armor
32:56 Ballistics
33:36 Chemistry
32:47 Fortified Wall
32:32 Murder Holes
32:11 Onager
34:07 Two-Man Saw
35:16 Chain Mail Armor
36:01 Blast Furnace
35:22 Chain Barding Armor
38:00 Fletching
38:41 Plate Mail Armor
39:28 Bodkin Arrow
Connection lost

Rejoining the realm…

Still unreachable

The connection could not be restored.

Session expired

The server has moved on; the page needs a fresh start.